 Dungeon Crawl Stone Soup version 0.26.1-11-gd32895ea62 (webtiles) character file.

Game seed: 1364241222444485960

1025 Zeld the Cruncher (level 8, -2/50 HPs)
             Began as an Octopode Gladiator on May 20, 2021.
             Was an Initiate of Wu Jian.
             Slain by Sigmund
             ... wielding a +6 scythe of freezing
              (15 damage)
             ... on level 6 of the Dungeon.
             The game lasted 00:07:38 (8394 turns).

Zeld the Cruncher (Octopode Gladiator)              Turns: 8394, Time: 00:07:39

Health: -2/50      AC:  1    Str: 14    XL:     8   Next: 23%
Magic:  8/8        EV: 14    Int: 10    God:    Wu Jian [......]
Gold:   367        SH:  0    Dex: 15    Spells: 7/7 levels left

rFire    . . .     SeeInvis .   a - +0 quarterstaff
rCold    . . .     Faith    .   (shield currently unavailable)
rNeg     . . .     Spirit   .   b - +0 hat
rPois    .         Reflect  .   (no amulet)
rElec    .         Harm     .   (no ring)
rCorr    .         Rampage  .   (no ring)
Will     .....                  (no ring)
Stlth    ++........             (no ring)
HPRegen  0.16/turn              (no ring)
MPRegen  0.11/turn              (no ring)
                                (no ring)
                                (no ring)

@: no status effects
A: almost no armour, stealthy swim, amphibious, 8 rings, constrict 8, camouflage
1, gelatinous body 1
a: Renounce Religion


You were on level 6 of the Dungeon.
You worshipped Wu Jian.
Wu Jian was noncommittal.
You visited 2 branches of the dungeon, and saw 7 of its levels.
You also visited: Sewer.

You collected 367 gold pieces.

Inventory:

Hand Weapons
 a - a +0 quarterstaff (weapon)
Missiles
 c - 3 throwing nets (quivered)
Armour
 b - a +0 hat (worn)
Jewellery
 f - an uncursed amulet of the acrobat {unknown}
 i - an uncursed ring of fire {unknown}
 k - an uncursed amulet of magic regeneration {unknown}
Wands
 n - a wand of disintegration (3)
 p - a wand of digging (5)
 y - a wand of flame (12)
 z - a wand of acid (2)
Scrolls
 e - 3 scrolls of amnesia
 g - 3 scrolls of teleportation
 j - 2 scrolls of fear
 q - a scroll of random uselessness {unknown}
 r - 2 scrolls of blinking {unknown}
 t - a scroll of magic mapping {unknown}
 u - 2 scrolls of enchant armour {unknown}
 v - 3 scrolls of remove curse {unknown}
 x - a scroll of fog {unknown}
Potions
 d - a potion of resistance {unknown}
 h - 2 potions of brilliance {unknown}
 m - 2 potions of flight {unknown}
 s - a potion of ambrosia {unknown}
 w - a potion of curing {unknown}


   Skills:
 - Level 2.0 Fighting
 * Level 9.8 Staves
 - Level 2.0 Throwing
 - Level 3.0 Dodging


You had 7 spell levels left.
You didn't know any spells.
Your spell library was empty.

Dungeon Overview and Level Annotations

Branches:
Dungeon (6/15)             Temple (1/1) D:4           Sewer (visited)

Altars:
Cheibriados
Dithmenos
Elyvilon
Fedhas
Gozag
Hepliaklqana
Kikubaaqudgha
Makhleb
Nemelex Xobeh
Okawaru
Qazlal
Ru
Sif Muna
Trog
Uskayaw
Vehumet
Wu Jian
Xom
Yredelemnul
Zin
The Shining One

Annotations:
D:6 Sigmund


Innate Abilities, Weirdness & Mutations

You cannot wear most types of armour.
You are very stealthy in the water. (Stealth+)
You are amphibious.
You can wear up to eight rings at the same time.
You can use your tentacles to constrict eight enemies at once.
Your skin changes colour to match your surroundings (Stealth+).
Your rubbery body absorbs attacks. (AC +1, EV +1)


Message History

The puff of flame misses you. The adder closely misses you.
You feel much better.
A centaur comes into view.
The adder bites you.
You miss the adder.
The adder is almost dead.
The adder barely misses you. Something hits you! Something freezes you.
You feel less confused.
The centaur shouts!
The centaur wields a +0 shortbow.
The centaur shoots an arrow.
The arrow closely misses you. The adder closely misses you.
You miss the adder. Your grab misses the adder.
The adder is almost dead.
The centaur shoots an arrow.
The arrow barely misses you. Something hits you! Something freezes you.
* * * LOW HITPOINT WARNING * * *
The adder misses you.
You are too injured to fight recklessly!
Something hits you!
You die...

##........#####.#######........#
..............#...##..........#
##.... #.>###.#................
#.....###.....................#
##.............##..........#
..###...######................##
........# ##..{............##
........#######S...)...........#
#...........#..@...............#
##.#............##..............
# #.(..........................
#........###...........(..... #
#........##..................
##.##.#........##...............
#.........[#.####...............
.#....<.....# #........>......
#....?.....# ##........


You could see an adder.

Vanquished Creatures
  A water moccasin (Sewer)
  A black bear (D:5)
  An ice beast (D:5)
  A sky beast (D:6)
  A phantom (D:5)
  A scorpion (D:5)
  A howler monkey (D:5)
  A bullfrog zombie (D:5)
  An orc priest (D:5)
  2 hounds
  2 iguanas (D:5)
  Ijyb (D:5)
  A hound zombie (D:6)
  3 gnolls (D:3)
  4 adders
  A shadow imp (D:5)
  A white imp (D:5)
  2 oozes (D:2)
  An adder skeleton (D:4)
  3 worms
  A dart slug (D:1)
  6 leopard geckos
  13 orcs
  A ball python (D:3)
  6 bats
  5 giant cockroaches
  13 goblins
  13 hobgoblins
  12 jackals
  3 quokkas
  5 frilled lizards
  A jackal skeleton (D:4)
  7 kobolds
  A leopard gecko skeleton (D:5)
  10 rats
127 creatures vanquished.

Notes
Turn   | Place    | Note
-------+----------+-------------------------------------------
     0 | D:1      | Zeld the Octopode Gladiator began the quest for the Orb.
     0 | D:1      | Reached XP level 1. HP: 14/14 MP: 1/1
   322 | D:1      | Reached XP level 2. HP: 8/19 MP: 2/2
   615 | D:1      | Reached skill level 4 in Staves
   777 | D:1      | Reached XP level 3. HP: 24/24 MP: 3/3
  1528 | D:2      | Reached XP level 4. HP: 29/29 MP: 4/4
  1540 | D:2      | Reached skill level 5 in Staves
  2458 | D:3      | Found a glowing drain.
  2467 | Sewer    | Entered a sewer
  2614 | Sewer    | Reached XP level 5. HP: 33/34 MP: 5/5
  2681 | Sewer    | Noticed a water moccasin
  2687 | Sewer    | Killed a water moccasin
  2688 | Sewer    | Reached skill level 6 in Staves
  2688 | Sewer    | Reached XP level 6. HP: 29/39 MP: 6/6
  3159 | D:3      | Found a burning altar of Makhleb.
  3295 | D:3      | Reached skill level 7 in Staves
  3510 | D:4      | Found a staircase to the Ecumenical Temple.
  3519 | Temple   | Entered the Ecumenical Temple
  3718 | Temple   | Became a worshipper of the Wu Jian Council
  4339 | D:4      | Found an iron altar of Okawaru.
  4793 | D:5      | Entered Level 5 of the Dungeon
  5322 | D:5      | Noticed an ice beast
  5369 | D:5      | Reached XP level 7. HP: 28/45 MP: 7/7
  5629 | D:5      | Reached skill level 8 in Staves
  6159 | D:5      | Noticed Ijyb
  6171 | D:5      | Killed Ijyb
  6336 | D:5      | Reached skill level 9 in Staves
  6813 | D:5      | Noticed a troll
  6831 | D:5      | HP: 2/45 [troll (7)]
  7228 | D:5      | Reached XP level 8. HP: 24/50 MP: 8/8
  8370 | D:6      | Noticed Sigmund
  8394 | D:6      | Slain by Sigmund

Illustrated notes

Levels and vault maps discovered:
D:1:      dpeg_arrival_tiny_i, layout_loops_ring
D:2:      layout_loops_corners, kennysheep_generic_room_7
D:3:      layout_rooms, cheibrodos_sewer_entry_sluice, minmay_fountain_box,
          makhleb_blood_cavern_becter
D:4:      layout_cave_pools, minmay_temple_entry_overgrown,
          serial_co_window_serial, co_window_paths_b, co_window_paths_a,
          co_window_paths_b, co_window_paths_b, co_window_of_opportunity_a,
          co_window_of_opportunity_a, co_window_paths_a, co_window_corner_b,
          co_window_corner_b, co_window_broadway_b, co_window_2corner,
          glass_columns_a, kennysheep_okawaru_gauntlet
D:5:      minmay_skewed_foursquare, layout_cave_pods, uniq_ijyb
D:6:      layout_rooms, minmay_three_doors, uniq_crazy_yiuf_cottage,
          uniq_sigmund
Temple:   roderic_octagonal_lattice_temple

Skill      XL: |  1  2  3  4  5  6  7 |
---------------+----------------------+-----
Staves         | 4 5 6 7 9 |  9.8
Fighting       | |  2.0
Throwing       | |  2.0
Dodging        | |  3.0

Action                   |  1- 3 |  4- 6 |  7- 9 || total
-------------------------+-------+-------+-------++-------
Melee: Quarterstaff      |    59 |   153 |    76 ||   288
       Constrict         |    15 |    45 |     9 ||    69
       Tentacles         |     9 |    27 |    15 ||    51
Invok: Lunge             |       |     4 |     5 ||     9
Evoke: Wand              |       |     3 |     8 ||    11
  Use: Potion            |       |     1 |     6 ||     7
       Scroll            |       |       |     5 ||     5
 Stab: Sleeping          |     5 |    12 |     2 ||    19
       Distracted        |       |     2 |       ||     2
Armor: Skin              |    11 |     8 |     4 ||    23
Dodge: Dodged            |    35 |   102 |    58 ||   195
